 Dungeon Crawl Stone Soup version 0.30-a0-748-ge6a52f7cba (webtiles) character file.

Game seed: 4048560751118921448

6081 sircluck the Skirmisher (level 10, 0/50 (53) HPs)
             Began as a Spriggan Hunter on Feb 8, 2023.
             Slain by a wight
             ... wielding a +4 long sword of freezing
              (6 damage)
             ... on level 9 of the Dungeon.
             The game lasted 00:21:03 (8559 turns).

sircluck the Skirmisher (Spriggan Hunter)           Turns: 8559, Time: 00:21:03

HP:   0/50 (53)     AC:  3    Str:  7    XL:     10   Next: 58%
MP:   11/11         EV: 24    Int: 10    God:
Gold: 486           SH:  0    Dex: 36    Spells: 9/9 levels left

rFire   . . .      SeeInvis +    a - +0 shortbow (drain)
rCold   . . .      Faith    .    (shield currently unavailable)
rNeg    . . .      Spirit   .    c - +0 robe
rPois   .          Reflect  .    (helmet restricted)
rElec   .          Harm     .    w - +0 cloak
rCorr   .          Rampage  .    (gloves unavailable)
Will    +....                    (boots unavailable)
Stlth   ++++                     (no amulet)
HPRegen 0.28/turn                d - +6 ring of dexterity
MPRegen 0.12/turn                s - +6 ring of dexterity

@: drained, very quick
A: very small, no large weapons, unfitting armour, see invisible, speed 3
a: no special abilities


You were on level 9 of the Dungeon.
You visited 2 branches of the dungeon, and saw 10 of its levels.
You also visited: Sewer and Bailey.

You collected 800 gold pieces.
You spent 314 gold pieces at shops.

Inventory:

Hand Weapons
 a - a +0 shortbow of draining (weapon)
 i - a +0 short sword of freezing
 l - a +0 demon blade
 p - a +2 whip of distortion
 K - a +2 short sword of distortion
 M - a +2 dagger of draining
Missiles
 m - 2 atropa-tipped darts
 q - 57 stones
 H - 31 poisoned darts
 O - 2 throwing nets
Armour
 c - a +0 robe (worn)
 w - a +0 cloak (worn)
 L - a +0 cloak
Magical Staves
 T - a staff of conjuration
Jewellery
 d - a +6 ring of dexterity (left hand)
 j - a +6 ring of intelligence
 s - a +6 ring of dexterity (right hand)
 y - a ring of wizardry
 S - an amulet of regeneration
Wands
 D - a wand of mindburst (24)
 J - a wand of charming (6)
 V - a wand of digging (1)
 X - a wand of acid (4)
Scrolls
 b - 4 scrolls of immolation
 f - a scroll of brand weapon
 g - a scroll of fog {unknown}
 h - 4 scrolls of vulnerability
 r - a scroll of magic mapping
 v - a scroll of butterflies {unknown}
 B - 3 scrolls of identify {unknown}
 C - 3 scrolls of noise {unknown}
 G - a scroll of amnesia {unknown}
 N - 2 scrolls of poison {unknown}
 P - a scroll of fear {unknown}
 Q - a scroll of teleportation
 R - 3 scrolls of enchant armour
 U - a scroll of blinking {unknown}
Potions
 e - 6 potions of curing {unknown}
 k - a potion of resistance {unknown}
 n - 2 potions of flight {unknown}
 o - 3 potions of berserk rage
 t - 2 potions of heal wounds {unknown}
 u - 2 potions of attraction {unknown}
 x - 4 potions of degeneration {unknown}
 z - a potion of lignification {unknown}
 A - a potion of haste {unknown}
 F - a potion of brilliance {unknown}
 I - a potion of invisibility {unknown}
 W - 2 potions of might {unknown}
Miscellaneous
 E - a piece from Xom's chessboard (15/15)


   Skills:
 + Level 6.4 Fighting
 + Level 14.0 Ranged Weapons
 + Level 5.1 Dodging
 + Level 4.2 Stealth


You had 9 spell levels left.
You didn't know any spells.
Your spell library contained the following spells:

 Spells                   Type           Power      Damage    Failure   Level
 Magic Dart               Conj           0%         1d3       36%         1
 Necrotise                Necr           0%         1d4       36%         1
 Call Imp                 Summ           0%         N/A       50%         2
 Mephitic Cloud           Conj/Pois/Air  0%         N/A       75%         3
 Vampiric Draining        Necr           0%         2d6       75%         3
 Agony                    Necr           0%         N/A       100%        5


Dungeon Overview and Level Annotations

Branches:
Dungeon (9/15)             Temple (1/1) D:6           Sewer (visited)
 Bailey (visited)
   Lair: D:8-11         Orc: D:9-12

Altars:
Ashenzari
Cheibriados
Dithmenos
Elyvilon
Fedhas
Gozag
Hepliaklqana
Kikubaaqudgha
Makhleb
Nemelex Xobeh
Okawaru
Qazlal
Ru
Sif Muna
Trog
Uskayaw
Wu Jian
Xom
Yredelemnul
Zin
The Shining One

Shops:
D:5 *   D:8 [


Innate Abilities, Weirdness & Mutations

You are very small and have problems with some larger weapons.
You are too small for most types of armour.
You have supernaturally acute eyesight. (SInv)
You cover ground extremely quickly. (Speed+++)


Message History

You are too injured to fight recklessly!
You are too injured to fight recklessly!
You are too injured to fight recklessly!
You are too injured to fight recklessly!
You are too injured to fight recklessly!
You are too injured to fight recklessly!
You are too injured to fight recklessly!
You are too injured to fight recklessly!
You are too injured to fight recklessly!
You are too injured to fight recklessly!
You are too injured to fight recklessly!
You are too injured to fight recklessly!
You are too injured to fight recklessly!
You are too injured to fight recklessly!
You are too injured to fight recklessly!
You are too injured to fight recklessly!
Fire: a) +0 shortbow (drain)
Press: ? - help, Q - select action, (/) - cycle Shift-Dir - straight line, f/p - wight
Aim: a wight, wielding a +4 long sword of freezing and wearing a +0 robe (lightly damaged, 76% to hit)
You shoot an arrow.
The arrow hits the wight but does no damage.
The wight is lightly damaged.
The wight completely misses you.
Fire: a) +0 shortbow (drain)
Press: ? - help, Q - select action, (/) - cycle Shift-Dir - straight line, f/p - wight
Aim: a wight, wielding a +4 long sword of freezing and wearing a +0 robe (lightly damaged, 76% to hit)
You shoot an arrow.
The arrow hits the wight but does no damage.
The wight is lightly damaged.
The wight hits you with a +4 long sword of freezing.
You feel drained. The wight freezes you.
Fire: a) +0 shortbow (drain)
Press: ? - help, Q - select action, (/) - cycle Shift-Dir - straight line, f/p - wight
Aim: a wight, wielding a +4 long sword of freezing and wearing a +0 robe (lightly damaged, 76% to hit)
You shoot an arrow. The arrow hits the wight!
The wight is severely damaged.
The wight hits you with a +4 long sword of freezing!
* * * LOW HITPOINT WARNING * * *
The wight freezes you.
You die...

#........#
#......#####
+........#
#......'...########
#........#
#......###.........
#........# +......#
##########
#........+ #......#
# #.<....# ####'###
##..# #@z## #(#
#)## #####.## #...
.......# #.†..
.......# #....#
###### .......###
#....# #.....
......... #....#
#######.....
.......#
#....###..Y..YY....
.....<.#
#....#..Y#####.....


You could see a wight.

Vanquished Creatures
  The ghost of Dittersdorf the Trooper, a novice GrFi of Okawaru (D:5)
  Sigmund (D:4)
  8 yaks
  Menkaure (D:4)
  2 water moccasins
  Duvessa (D:6)
  3 ice beasts
  9 orc warriors (Bailey)
  3 black bears
  2 ogres
  10 centaurs
  2 kobold brigands
  4 bullfrogs
  A necrophage (D:4)
  A gnoll sergeant (D:9)
  A scorpion (D:4)
  3 wights (D:9)
  Dowan (D:6)
  4 killer bees
  2 howler monkeys (D:7)
  2 gnoll boudas
  2 jellies
  4 orc priests
  3 iguanas
  3 orc wizards (D:8)
  8 adders
  11 gnolls
  A river rat (D:4)
  2 shadow imps
  A white imp (D:7)
  2 ufetubi (D:5)
  A worm (D:4)
  3 dart slugs
  35 orcs
  6 bats
  6 endoplasms
  7 giant cockroaches
  5 goblins
  6 hobgoblins
  4 jackals (D:3)
  4 quokkas
  8 ball pythons
  3 frilled lizards
  21 kobolds
  5 rats
  A bush (D:3)
214 creatures vanquished.

Notes
Turn   | Place    | Note
-------+----------+-------------------------------------------
     0 | D:1      | sircluck the Spriggan Hunter began the quest for the Orb.
     0 | D:1      | Reached XP level 1. HP: 10/10 MP: 2/2
   168 | D:1      | Reached XP level 2. HP: 14/14 MP: 3/3
   897 | D:2      | Reached XP level 3. HP: 18/18 MP: 4/4
   964 | D:2      | Reached skill level 5 in Ranged Weapons
  1509 | D:3      | Reached XP level 4. HP: 4/23 MP: 5/5
  1976 | D:3      | Found a snail-covered altar of Cheibriados.
  1976 | D:3      | Found a broken altar of Ashenzari.
  1977 | D:3      | Found a shadowy altar of Dithmenos.
  2321 | D:4      | Noticed a scorpion
  2336 | D:4      | Killed a scorpion
  2337 | D:4      | Reached skill level 6 in Ranged Weapons
  2337 | D:4      | Reached XP level 5. HP: 26/26 MP: 6/6
  2372 | D:4      | Noticed Menkaure
  2418 | D:4      | Killed Menkaure
  2419 | D:4      | Reached XP level 6. HP: 10/32 MP: 7/7
  2542 | D:4      | Reached skill level 7 in Ranged Weapons
  2864 | D:4      | Noticed Sigmund
  2868 | D:4      | Killed Sigmund
  2869 | D:4      | Reached XP level 7. HP: 30/35 MP: 8/8
  2933 | D:4      | Reached skill level 8 in Ranged Weapons
  3157 | D:4      | Found a glowing drain.
  3161 | Sewer    | Entered a sewer
  3585 | D:5      | Entered Level 5 of the Dungeon
  3712 | D:5      | Found Gefy's General Store.
  3715 | D:5      | Bought a wand of mindburst (3) for 54 gold pieces
  3715 | D:5      | Bought a piece from Xom's chessboard (15/15) for 260 gold
                  | pieces
  3938 | D:5      | Reached skill level 9 in Ranged Weapons
  3938 | D:5      | Reached XP level 8. HP: 38/40 MP: 9/9
  4183 | D:5      | Found a runed translucent gate.
  4183 | D:5      | Found a runed translucent gate.
  4186 | D:5      | Found a runed translucent gate.
  4248 | D:5      | Noticed Dittersdorf's ghost (novice GrFi)
  4637 | D:5      | Killed Dittersdorf's ghost
  4869 | D:6      | Reached skill level 10 in Ranged Weapons
  4883 | D:6      | Found a staircase to the Ecumenical Temple.
  4938 | D:6      | Noticed Dowan
  4940 | D:6      | Noticed Duvessa
  4972 | D:6      | Killed Duvessa
  4979 | D:6      | Killed Dowan
  5210 | D:6      | Reached XP level 9. HP: 46/46 MP: 10/10
  5376 | D:6      | Reached skill level 11 in Ranged Weapons
  5385 | D:6      | Found a hide-covered altar of Uskayaw.
  5526 | Temple   | Entered the Ecumenical Temple
  5699 | D:7      | Found a burning altar of Makhleb.
  5718 | D:7      | Found an iron altar of Okawaru.
  5849 | D:7      | Found a flagged portal.
  5876 | Bailey   | Entered a bailey
  6048 | Bailey   | Reached skill level 5 in Fighting
  6147 | Bailey   | Reached skill level 12 in Ranged Weapons
  6769 | D:7      | Reached XP level 10. HP: 53/53 MP: 11/11
  7172 | D:8      | Found Unloenakk's Antique Armour Shop.
  7200 | D:8      | Found an opulent altar of Gozag.
  7328 | D:8      | Reached skill level 13 in Ranged Weapons
  7874 | D:8      | Found a glowing silver altar of Zin.
  8531 | D:9      | Reached skill level 5 in Dodging
  8546 | D:9      | Reached skill level 14 in Ranged Weapons
  8559 | D:9      | Slain by a wight

Illustrated notes

Levels and vault maps discovered:
D:1:      minmay_arrival_shoal_huts, layout_rooms
D:2:      layout_basic
D:3:      layout_loops_ring, gammafunk_temple_overflow_forgotten,
          hangedman_decor_clover_reticule, kennysheep_decorative_pillar
D:4:      layout_gridville, gup_sewer_entry_spiral, uniq_menkaure, uniq_sigmund
D:5:      layout_loops_ring, gammafunk_ghost_nasty_kobolds,
          minmay_misc_feat_chi, nicolae_stop_n_shop_2
D:6:      layout_basic, mainiacjoe_overflow_chevrons,
          minmay_temple_entry_enclosed_plants, uniq_duvessa
D:7:      layout_basic, mainiacjoe_overflow_large_starburst, enter_bailey_5
D:8:      layout_gridville, pdpol_temple_overflow_zin_treasury_gozag_greed,
          serial_shops, shop
D:9:      layout_roguey, lemuel_doored_altar
Temple:   nicolae_temple_god_jail

Skill      XL: |  1  2  3  4  5  6  7  8  9 10 |
---------------+-------------------------------+-----
Ranged Weapons | 5 6 7 9 10 12 14 | 14.0
Dodging        | 3 4 5 |  5.1
Fighting       | 2 3 4 5 6 |  6.4
Stealth        | 2 3 4 |  4.2

Action                     |  1- 3 |  4- 6 |  7- 9 | 10-12 || total
---------------------------+-------+-------+-------+-------++-------
   Fire: Shortbow          |    81 |   134 |   334 |   154 ||   703
    Use: Scroll            |       |       |     4 |     2 ||     6
 Armour: Robe              |     4 |     3 |     2 |     6 ||    15
  Dodge: Dodged            |    19 |    35 |    72 |   120 ||   246

Table legend: (Time is in decaauts)
 A = Elapsed time spent in this place.
 B = Non-inter-level travel time spent in this place.
 C = Inter-level travel time spent in this place.
 D = Time resting spent in this place.
 E = Time spent auto-exploring this place.
 F = Levels seen in this place.
 G = Mean time per level.
                   A        B        C        D        E       F      G
               +--------+--------+--------+--------+--------+-----+--------+
         Total |   5993 |   5239 |    754 |    228 |   3216 |  12 |  499.4 |
       Dungeon |   5304 |   4557 |    747 |    228 |   2876 |   9 |  589.3 |
        Temple |     49 |     42 |      7 |      0 |     35 |   1 |   49.0 |
         Sewer |     87 |     87 |      0 |      0 |     66 |   1 |   87.0 |
        Bailey |    551 |    551 |      0 |      0 |    237 |   1 |  551.0 |
               +--------+--------+--------+--------+--------+-----+--------+

Top non-repeatable levels by time:
     D:4: 986 daAuts
     D:5: 769 daAuts
     D:8: 692 daAuts
     D:3: 677 daAuts
     D:7: 577 daAuts
  Bailey: 551 daAuts
     D:1: 463 daAuts
     D:6: 442 daAuts
     D:2: 418 daAuts
     D:9: 277 daAuts
   Sewer: 87 daAuts
  Temple: 49 daAuts
